 Dungeon Crawl Stone Soup version 0.31-a0-234-gad7ace16ef (webtiles) character file.

Game seed: 1621771478283188833

126 qw the Shooter (level 5, -2/30 HPs)
             Began as a Gargoyle Hexslinger on July 9, 2023.
             Killed from afar by Sigmund (7 damage)
             ... with a puff of flame
             ... on level 4 of the Dungeon.
             The game lasted 00:01:03 (2798 turns).

qw the Shooter (Gargoyle Hexslinger)                Turns: 2798, Time: 00:01:04

Health: -2/30      AC:  9    Str: 11    XL:     5   Next: 10%
Magic:  6/6        EV: 10    Int: 14    God:
Gold:   240        SH:  0    Dex: 14    Spells: 5/6 levels left

rFire   . . .        Y - +2 sling
rCold   . . .        (no shield)
rNeg    + . .        h - +0 ring mail
rPois   inf          (no helmet)
rElec   +            (no cloak)
rCorr   .            (no gloves)
SInv    .            (no boots)
Will    .....        d - amulet of faith
Stlth   +            (no ring)
HPRegen 0.25/turn    (no ring)
MPRegen 0.10/turn

%: faith
@: no status effects
A: sickness immunity, AC +4, negative energy resistance 1, electricity
resistance, torment resistance 1, petrification resistance
a: no special abilities


You were on level 4 of the Dungeon.
You visited 1 branch of the dungeon, and saw 4 of its levels.

You collected 240 gold pieces.


Innate Abilities, Weirdness & Mutations

You are immune to sickness and miasma.
Your stone body is resilient. (AC +4)
You are immune to poison.
You resist negative energy. (rN+)
You are resistant to electric shocks. (rElec)
You are resistant to unholy torment.
You are immune to petrification.


   Skills:
 - Level 2.2 Fighting
 + Level 4.4 Ranged Weapons
 - Level 1.3 Armour
 - Level 1.5 Dodging
 - Level 1.0 Spellcasting
 - Level 2.6 Hexes


You had 5 spell levels left.
You knew the following spells:

 Your Spells              Type           Power      Damage    Failure   Level
a - Slow                  Hex            32%        N/A       21%         1

Your spell library contained the following spells:

 Spells                   Type           Power      Damage    Failure   Level
 Inner Flame              Hex/Fire       4%         N/A       71%         3
 Portal Projectile        Hex/Tloc       8%         N/A       71%         3
 Cause Fear               Hex            4%         N/A       90%         4

Inventory:

Hand Weapons
 Y - a +2 sling (weapon)
Armour
 h - a +0 ring mail (worn)
Jewellery
 d - an amulet of faith (around neck)
Scrolls
 f - a scroll of identify
Potions
 a - a potion of cancellation
 e - 2 potions of curing
 i - a potion of heal wounds {unknown}

Dungeon Overview and Level Annotations

Branches:
Dungeon (4/15)
 Temple: D:4-7

Altars:
Cheibriados
Fedhas
Qazlal
Uskayaw
Wu Jian
Yredelemnul
Zin

Shops:
D:1 !

Annotations:
D:4 Sigmund


Message History

The sling bullet closely misses Sigmund.
Sigmund points at you and mumbles some strange words.
The magic dart hits you but does no damage.
Sigmund closely misses you.
You shoot a sling bullet.
The sling bullet hits Sigmund but does no damage.
Sigmund is moderately wounded.
You shoot a sling bullet. The sling bullet hits Sigmund.
Sigmund is heavily wounded.
Sigmund looks at you with fury.
Sigmund gestures wildly while chanting.
Sigmund flickers and vanishes!
Deactivating autopickup; reactivate with Ctrl-A.
Something hits you!
2795 ||| STILL FLEEEEING.
Enter note:
Enter note:
Enter note:
Enter note:
Enter note:
Enter note:
Enter note:
Enter note:
Enter note:
Enter note:
Enter note:
Enter note:
2796 ||| STILL FLEEEEING.
2797 ||| STILL FLEEEEING.
A kobold comes into view.
It is wielding a +0 short sword and quivering poisoned darts.
The kobold shouts!
You hear a shout!
The kobold throws a poisoned dart.
The poisoned dart hits you!
You shoot a sling bullet.
The sling bullet hits the kobold but does no damage.
The kobold throws a poisoned dart.
The poisoned dart barely misses you.
The kobold throws a poisoned dart.
The poisoned dart hits you!
You hear some strange, mumbled words.
A puff of flame appears from out of thin air!
The puff of flame hits you!
You die...

#...###..##...........#
##...####..#......#...##
####..###.##........##..##
...........%.##.##..#.#...
.............<##......##..
..#.###.................
.##..###.............##K
........................
...............>@####...
......##.......#........
......##.......#{......#
......#..>...{.........#
..........#.............
#......@.##..........##.
........##....##......#
........ #..#.#####.....
...##.. ###### ....#


You could see a kobold.

Vanquished Creatures
  6 adders
  A worm (D:4)
  2 dart slugs (D:1)
  2 orcs
  6 ball pythons
  5 bats
  4 endoplasms
  4 giant cockroaches
  A goblin (D:4)
  3 hobgoblins
  4 jackals (D:3)
  3 quokkas
  2 frilled lizards
  2 kobolds
  20 rats
65 creatures vanquished.

Notes
Turn   | Place    | Note
-------+----------+-------------------------------------------
     0 | D:1      | qw the Gargoyle Hexslinger began the quest for the Orb.
     0 | D:1      | Reached XP level 1. HP: 12/12 MP: 2/2
     0 | D:1      | 0 ||| qw: Version: 0.3-a-51-g015441d
     0 | D:1      | 0 ||| qw: Game counter: 4240
     0 | D:1      | 0 ||| qw: Melee chars always use a shield: true
     0 | D:1      | 0 ||| qw: God list: Okawaru
     0 | D:1      | 0 ||| qw: Allow faded altars: false
     0 | D:1      | 0 ||| qw: Do Orc after clearing Dungeon:15 true
     0 | D:1      | 0 ||| qw: Do second Lair branch before Depths: true
     0 | D:1      | 0 ||| qw: Lair rune preference: random
     0 | D:1      | 0 ||| qw: Goals: Normal
     0 | D:1      | 0 ||| PLANNING D:1-11
   205 | D:1      | Found Icunen's Distillery.
   215 | D:1      | 215 ||| SHOPLISTING potion of cancellation (88 gold, have
                  | 16).
   215 | D:1      | 215 ||| SHOPLISTING potion of curing (33 gold, have 16).
   215 | D:1      | 215 ||| SHOPLISTING potion of heal wounds (55 gold, have
                  | 16).
   215 | D:1      | 215 ||| SHOPLISTING potion of mutation (88 gold, have 16).
   312 | D:1      | 312 ||| FLEEEEING.
   320 | D:1      | Reached XP level 2. HP: 16/16 MP: 3/3
   643 | D:1      | Reached skill level 3 in Ranged Weapons
   839 | D:1      | 839 ||| READING scroll labelled CAMYXZ ZUMA.
   840 | D:1      | 840 ||| READING 2 scrolls labelled PAFRAC WUCOOSCHA.
   841 | D:1      | 841 ||| READING scroll labelled IPARUNTE HOOS.
   842 | D:1      | 842 ||| DRINKING 2 yellow potions.
   846 | D:1      | 846 ||| DROPPING scroll of poison.
   847 | D:1      | 847 ||| DROPPING potion of ambrosia.
  1033 | D:2      | Reached XP level 3. HP: 21/21 MP: 4/4
  1471 | D:2      | 1471 ||| UPGRADING to +0 leather armour.
  1481 | D:2      | 1481 ||| DROPPING +0 robe.
  1482 | D:2      | 1482 ||| DROPPING ring of wizardry.
  1483 | D:2      | 1483 ||| READING scroll labelled HUNNAELEUX.
  1500 | D:2      | 1500 ||| READING scroll labelled PAENNO UMPITH.
  1501 | D:2      | 1501 ||| DRINKING 3 sedimented ruby potions.
  1600 | D:3      | Reached XP level 4. HP: 26/26 MP: 5/5
  1710 | D:3      | Reached skill level 4 in Ranged Weapons
  1795 | D:3      | Found a basalt altar of Yredelemnul.
  1962 | D:3      | Found a blossoming altar of Fedhas.
  1966 | D:3      | Found a glowing silver altar of Zin.
  1967 | D:3      | Found a stormy altar of Qazlal.
  2171 | D:3      | Found an ornate altar of the Wu Jian Council.
  2171 | D:3      | Found a snail-covered altar of Cheibriados.
  2172 | D:3      | Found a hide-covered altar of Uskayaw.
  2580 | D:3      | 2580 ||| UPGRADING to +0 ring mail.
  2590 | D:3      | 2590 ||| DROPPING +0 leather armour.
  2591 | D:3      | 2591 ||| UPGRADING to amulet of faith.
  2596 | D:3      | 2596 ||| READING scroll labelled WORRED IRUOPO.
  2601 | D:3      | 2601 ||| READING 2 scrolls labelled FIL JURIRRO.
  2602 | D:3      | 2602 ||| READING 2 scrolls of identify.
  2602 | D:3      | 2602 ||| IDENTIFYING cyan potion
  2603 | D:3      | 2603 ||| DROPPING scroll of fear.
  2604 | D:3      | 2604 ||| DROPPING potion of degeneration.
  2646 | D:4      | 2646 ||| PLANNING SEWER
  2672 | D:4      | Reached skill level 1 in Armour
  2677 | D:4      | Reached XP level 5. HP: 30/30 MP: 6/6
  2774 | D:4      | Noticed Sigmund
  2784 | D:4      | 2784 ||| READING 2 scrolls of identify.
  2784 | D:4      | 2784 ||| IDENTIFYING green potion
  2788 | D:4      | 2788 ||| FLEEEEING.
  2789 | D:4      | 2789 ||| FLEEEEING.
  2790 | D:4      | 2790 ||| FLEEEEING.
  2791 | D:4      | 2791 ||| FLEEEEING.
  2794 | D:4      | HP: 4/30 [something (7)]
  2798 | D:4      | Killed from afar by Sigmund

Levels and vault maps discovered:
D:1:      evilmike_arrival_crescent, layout_basic, serial_shops,
          nicolae_shop_industrial_runoff, palyth_stone_intersect
D:2:      layout_loops_ring, minmay_misc_feat_columns
D:3:      layout_loops_corners, lemuel_coloured_pillars_altar,
          grunt_temple_overflow_open, minitemple, minmay_rat_hole
D:4:      layout_cave_pools, minmay_temple_entry_enclosed_plants, serial_shops,
          shop, lightli_sewer_entry_pipes, uniq_sigmund

Skill      XL: |  1  2  3  4 |
---------------+-------------+-----
Ranged Weapons | 3 4 |  4.4
Fighting       | 2 |  2.2
Armour         | 1 |  1.3
Dodging        | |  1.5
Spellcasting   | |  1.0
Hexes          | |  2.6

Action                     |  1- 3 |  4- 6 || total
---------------------------+-------+-------++-------
   Fire: Sling             |    94 |   132 ||   226
    Use: Scroll            |     5 |     4 ||     9
         Potion            |     2 |       ||     2
 Armour: Robe              |    20 |       ||    20
         Leather armour    |       |    25 ||    25
         Ring mail         |       |     8 ||     8
  Dodge: Dodged            |    39 |    40 ||    79

Table legend:
 A = Non-vault XP
 B = Vault XP
 C = Vault XP percentage of total XP
 D = Non-vault monster count
 E = Vault monster count
 F = Vault count percentage of total count
                 A         B        C        D         E       F
            +---------+---------+-------+---------+---------+-------
      Total |     161 |      20 |  11.0 |      46 |      19 |  29.2
            +---------+---------+-------+---------+---------+-------
        D:1 |      23 |       0 |   0.0 |      10 |       0 |   0.0
        D:2 |      52 |       0 |   0.0 |      11 |       0 |   0.0
        D:3 |      39 |      20 |  33.9 |      15 |      19 |  55.9
        D:4 |      47 |       0 |   0.0 |      10 |       0 |   0.0
            +---------+---------+-------+---------+---------+-------
